 Dungeon Crawl Stone Soup version 0.31-a0-845-g9abc20d24f (webtiles) character file.

Game seed: 18122714953567270039

7 demibob the Ruffian (level 1, 19/19 HPs)
             Began as a Draconian Chaos Knight on Oct 2, 2023.
             Was a Follower of Lugonu.
             Quit the game on level 1 of the Dungeon.
             The game lasted 00:00:24 (156 turns).

demibob the Ruffian (Draconian Chaos Knight)         Turns: 156, Time: 00:00:24

Health: 19/19      AC:  4    Str: 14    XL:     1   Next: 83%
Magic:  1/1        EV: 12    Int: 12    God:    Lugonu [*.....]
Gold:   10         SH:  0    Dex: 10    Spells: 0/0 levels left

rFire   . .          .
                       - Unarmed
rCold   . . .        (no shield)
rNeg    . . .        (body armour unavailable)
rPois   .            (helmet restricted)
rElec   .            (no cloak)
rCorr   .            (no gloves)
SInv    .            (no boots)
Will    .....        (no amulet)
Stlth   +            (no ring)
HPRegen 0.23/turn    (no ring)
MPRegen 0.07/turn

%: no passive effects
@: no status effects
A: AC +4, unfitting armour, cold-blooded
a: Renounce Religion, Depart the Abyss


You were on level 1 of the Dungeon.
You worshipped Lugonu.
Lugonu was aware of your devotion.
You visited 1 branch of the dungeon, and saw 1 of its levels.

You collected 10 gold pieces.


Innate Abilities, Weirdness & Mutations

Your plain brown scales are hard. (AC +4)
You cannot fit into any form of body armour.
You are cold-blooded and may be slowed by cold attacks.


   Skills:
 - Level 3.2 Fighting
 - Level 2.1 Dodging
 + Level 3.5 Unarmed Combat


You couldn't memorise any spells.
You didn't know any spells.
Your spell library contained the following spells:

 Spells                   Type           Power      Damage    Failure   Level
 Foxfire                  Conj/Fire      0%         2x1d4     32%         1
 Plasma Beam              Fire/Air       0%         2x1d10    100%        6
 Starburst                Conj/Fire      0%         6d3       100%        6

Inventory:

Scrolls
 a - a scroll of butterflies
 c - a scroll of brand weapon {unknown}
Potions
 b - 2 potions of brilliance {unknown}

Dungeon Overview and Level Annotations

Branches:
Dungeon (1/15)

Altars:
Lugonu

#.#...# .#.#.#.# ....
###~#.....# ....
8.#~.~..### .....
~~~###....# .....
#~~.~##.#.#
....~.#...~~#.#.########
#...~~#.~.~.+~#.......(.
#~.~@.~~.+†.†..#####
....~~#.~~~.+†.##.#
#.##. #~~~..#~.##.# #
##~~~.#~~....#
#~.~###~.)...#
#8.~.~.#.#####
####...#.# #~~...~#...#
##########.#


There were no monsters in sight!


Message History

The jackal barely misses you.
You hit the jackal. You punch the jackal.
You kill the jackal!
No target in view!
No target in view!
No target in view!
No target in view!
No target in view!
No target in view!
No target in view!
No target in view!
No target in view!
No target in view!
No target in view!
You see here a jackal corpse.
c - a scroll labelled GECVO DEMONKUR
Found a faded altar of an unknown god.
You see here a +0 dagger.
You are now a toy of Xom.
Unknown command.
You enter the shallow water.
Moving in this stuff is going to be slow.
There is a faded altar of an unknown god here.
This altar belongs to (a) Okawaru, (b) Hepliaklqana or (c) Lugonu, but you can't tell which.
Press the corresponding letter to learn more about a god, or press enter to convert or escape to cancel.
Lugonu accepts your prayer!
You have lost your religion!
Xom does not appreciate desertion!
Lugonu welcomes you!
You can now depart the Abyss.
Are you sure you want to abandon this character and quit the game? (Confirm with "yes".)

Action                     || total
---------------------------++-------
  Melee: Unarmed           ||    20
         Tailslap          ||     2
         Punch             ||     1
 Armour: Skin              ||    17
  Dodge: Dodged            ||    12

Levels and vault maps discovered:
D:1:      heliophobic_arrival_battle_scene, layout_basic,
          dreamdust_ecumenical_altar_drowned_temple,
          chequers_serial_rivers_small_a

Notes
Turn   | Place    | Note
-------+----------+-------------------------------------------
     0 | D:1      | demibob the Draconian Chaos Knight began the quest for the
                  | Orb.
     0 | D:1      | Reached XP level 1. HP: 19/19 MP: 1/1
    18 | D:1      | XOM: divination: detect items
   142 | D:1      | Found a faded altar of an unknown god.
   155 | D:1      | Prayed at the altar of an unknown god.
   155 | D:1      | Fell from the grace of Xom
   155 | D:1      | Became a worshipper of Lugonu the Unformed
   155 | D:1      | Reached * piety under Lugonu
   156 | D:1      | Quit the game

Vanquished Creatures
  An endoplasm (D:1)
  4 jackals (D:1)
5 creatures vanquished.

Table legend: (Time is in decaauts)
 A = Elapsed time spent in this place.
 B = Non-inter-level travel time spent in this place.
 C = Inter-level travel time spent in this place.
 D = Time resting spent in this place.
 E = Time spent auto-exploring this place.
 F = Levels seen in this place.
 G = Mean time per level.
                   A        B        C        D        E       F      G
               +--------+--------+--------+--------+--------+-----+--------+
         Total |    158 |    158 |      0 |      0 |    113 |   1 |  158.0 |
       Dungeon |    158 |    158 |      0 |      0 |    113 |   1 |  158.0 |
               +--------+--------+--------+--------+--------+-----+--------+

Top non-repeatable levels by time:
     D:1: 158 daAuts

Table legend:
 A = Non-vault XP
 B = Vault XP
 C = Vault XP percentage of total XP
 D = Non-vault monster count
 E = Vault monster count
 F = Vault count percentage of total count
                 A         B        C        D         E       F
            +---------+---------+-------+---------+---------+-------
      Total |      10 |       0 |   0.0 |       5 |       0 |   0.0
            +---------+---------+-------+---------+---------+-------
        D:1 |      10 |       0 |   0.0 |       5 |       0 |   0.0
            +---------+---------+-------+---------+---------+-------
